 Dungeon Crawl Stone Soup version 0.28.0 (webtiles) character file.

Game seed: 17602879071501592751

260 Deca the Covered (level 5, -5/48 HPs)
             Began as a Minotaur Fighter on Feb 13, 2022.
             Slain by an ogre (7 damage)
             ... on level 4 of the Dungeon.
             The game lasted 00:07:04 (1657 turns).

Deca the Covered (Minotaur Fighter)                 Turns: 1657, Time: 00:07:04

Health: -5/48      AC: 12    Str: 20    XL:     5   Next: 95%
Magic:  4/4        EV:  6    Int:  5    God:
Gold:   178        SH:  9    Dex: 12    Spells: 4/4 levels left

rFire   + . .      SeeInvis .   a - +0 trident
rCold   . . .      Faith    .   j - +0 kite shield
rNeg    . . .      Spirit   .   i - +1 chain mail {rF+}
rPois   .          Reflect  .   (helmet restricted)
rElec   .          Harm     .   (no cloak)
rCorr   .          Rampage  .   c - +0 pair of gloves
Will    .....                   (no boots)
Stlth   ..........              (no amulet)
HPRegen 0.16/turn               (no ring)
MPRegen 0.09/turn               (no ring)

@: no status effects
A: horns 2, retaliatory headbutt
a: no special abilities


You were on level 4 of the Dungeon.
You visited 1 branch of the dungeon, and saw 4 of its levels.

You collected 178 gold pieces.

Inventory:

Hand Weapons
 a - a +0 trident (weapon)
Armour
 c - a +0 pair of gloves (worn)
 i - a +1 chain mail of fire resistance (worn)
 j - a +0 kite shield (worn)
Jewellery
 q - an amulet of reflection
Scrolls
 f - 2 scrolls of identify {unknown}
 h - a scroll of teleportation {unknown}
 k - a scroll of silence {unknown}
 m - a scroll of torment {unknown}
 n - a scroll of enchant armour {unknown}
 o - a scroll of magic mapping {unknown}
 p - 2 scrolls of fear {unknown}
Potions
 b - a potion of lignification {unknown}
 e - a potion of degeneration {unknown}
 g - 3 potions of curing {unknown}
 l - 2 potions of brilliance {unknown}


   Skills:
 + Level 5.0 Fighting
 + Level 4.3 Polearms
 + Level 5.1 Armour
 + Level 5.1 Shields


You had 4 spell levels left.
You didn't know any spells.
Your spell library contained the following spells:

 Spells                   Type           Power      Damage    Failure   Level
 Magic Dart               Conj           0%         1d3       100%        1
 Searing Ray              Conj           0%         2d4       100%        2
 Tukima's Dance           Hex            0%         N/A       100%        3
 Fulminant Prism          Conj/Hex       0%         3d6       100%        4
 Passage of Golubria      Tloc           0%         N/A       100%        4
 Yara's Violent Unravell  Hex/Tmut       0%         3d3       100%        5


Dungeon Overview and Level Annotations

Branches:
Dungeon (4/15)
 Temple: D:4-7

Altars:
Ashenzari

Shops:
D:1 *


Innate Abilities, Weirdness & Mutations

You have a pair of horns on your head.
You reflexively headbutt those who attack you in melee.


Message History

You are too injured to fight recklessly!
You are too injured to fight recklessly!
You are too injured to fight recklessly!
You are too injured to fight recklessly!
You are too injured to fight recklessly!
You are too injured to fight recklessly!
You are too injured to fight recklessly!
You are too injured to fight recklessly!
You are too injured to fight recklessly!
You are too injured to fight recklessly!
You are too injured to fight recklessly!
You are too injured to fight recklessly!
You are too injured to fight recklessly!
You are too injured to fight recklessly!
You are too injured to fight recklessly!
You are too injured to fight recklessly!
You are too injured to fight recklessly!
You are too injured to fight recklessly!
You are too injured to fight recklessly!
You are too injured to fight recklessly!
You are too injured to fight recklessly!
You are too injured to fight recklessly!
You are too injured to fight recklessly!
You hit the ogre.
The ogre is heavily wounded.
The ogre hits you with a +0 giant spiked club!!
* * * LOW HITPOINT WARNING * * *
Okay, then.
As you read the scroll labelled ACYME WIGEORPH, it crumbles to dust.
The scroll dissolves into smoke.
It was a scroll of fog.
You block the ogre's attack.
You are too injured to fight recklessly!
You barely miss the ogre. Your headbutt misses the ogre.
The ogre is heavily wounded.
The ogre hits you with a +0 giant spiked club.
* * * LOW HITPOINT WARNING * * *
You hit the ogre.
The ogre is severely wounded.
The ogre hits you with a +0 giant spiked club!
You die...

### ..# .......
.## #.?...# .# ♣.♣
......### .# ♣.♣
#... !........ .#
♣_♣ #..# #........
.# ♣.♣
#..####§§§..### .#
♣.♣
#...##§§O§.....
.## ♣.♣
#.#.##§@§§..#
..###'##
#.#.##§###..#
.......###.#.##§#
#
...........#..#.#
...........'....#
.#.........##.###
.#.....######....#
.#†)...# #....#
.#<##### #....#


You could see an ogre.

Vanquished Creatures
  A necrophage (D:4)
  A scorpion (D:4)
  3 adders (D:3)
  An adder skeleton (D:3)
  2 worms (D:3)
  3 dart slugs
  An orc (D:3)
  10 ball pythons
  3 endoplasms
  4 giant cockroaches
  8 goblins
  3 hobgoblins (D:3)
  3 jackals (D:2)
  6 quokkas
  6 bats
  4 frilled lizards (D:1)
  6 kobolds
  2 rats (D:1)
67 creatures vanquished.

Notes
Turn   | Place    | Note
-------+----------+-------------------------------------------
     0 | D:1      | Deca the Minotaur Fighter began the quest for the Orb.
     0 | D:1      | Reached XP level 1. HP: 19/19 MP: 0/0
     3 | D:1      | Noticed an electric eel
     4 | D:1      | Noticed an electric eel
   183 | D:1      | Reached XP level 2. HP: 27/27 MP: 1/1
   458 | D:1      | Found Dumicwet's General Store.
   684 | D:2      | Reached XP level 3. HP: 33/33 MP: 2/2
   708 | D:2      | You fall into a shaft and drop 1 floor!
   958 | D:3      | Reached XP level 4. HP: 40/40 MP: 3/3
  1561 | D:4      | Noticed a necrophage
  1566 | D:4      | Killed a necrophage
  1567 | D:4      | Reached XP level 5. HP: 46/47 MP: 4/4
  1587 | D:4      | Reached skill level 5 in Fighting
  1587 | D:4      | Reached skill level 5 in Armour
  1587 | D:4      | Reached skill level 5 in Shields
  1631 | D:4      | Found a broken altar of Ashenzari.
  1645 | D:4      | Noticed an ogre
  1656 | D:4      | HP: 2/48 [ogre (4)]
  1657 | D:4      | Slain by an ogre

Illustrated notes

Levels and vault maps discovered:
D:1:      arrival_aquarium_b, layout_basic, serial_shops,
          nicolae_shop_behind_doors, grunt_decor_one_mirror, minmay_pentomino_q4
D:2:      layout_rooms, shapermc_ecumenical_altar_ellora, grunt_decor_junction,
          kennysheep_generic_room_16
D:3:      layout_rooms, columned_hall_lemuel, minmay_pentangle
D:4:      layout_basic, fountainhead, nrook_mini_vaults, kennysheep_flooded_box

Skill      XL: |  1  2  3  4  5 |
---------------+----------------+-----
Fighting       | 4 5 |  5.0
Armour         | 4 5 |  5.1
Shields        | 4 5 |  5.1
Polearms       | 3 4 |  4.3

Action                   |  1- 3 |  4- 6 || total
-------------------------+-------+-------++-------
Melee: Trident           |   108 |    74 ||   182
       Headbutt          |    11 |    10 ||    21
  Use: Potion            |       |     1 ||     1
       Scroll            |       |     1 ||     1
Armor: Scale mail        |     2 |       ||     2
       Chain mail        |    30 |    17 ||    47
Dodge: Dodged            |    29 |    13 ||    42
Block: Buckler           |     6 |       ||     6
       Kite shield       |    25 |    36 ||    61
